 Dungeon Crawl Stone Soup version 0.17-a0-2215-g49c1de0 (webtiles) character file.

254 fredomojojo the Sneak (level 6, -9/36 HPs)
             Began as a Kobold Assassin on Oct 27, 2015.
             Was a Follower of Nemelex Xobeh.
             Killed by divine providence
             ... invoked by an orc priest
              (14 damage)
             ... on level 4 of the Dungeon.
             The game lasted 00:53:29 (2675 turns).

fredomojojo the Sneak (Kobold Assassin)             Turns: 2675, Time: 00:53:31

Health: -9/36      AC:  8    Str:  9    XL:     6   Next: 37%
Magic:  6/6        EV: 16    Int:  9    God:    Nemelex Xobeh [*.....]
Gold:   160        SH:  0    Dex: 20    Spells: 0 memorised, 5 levels left

rFire  + . .     SeeInvis .     a - +2 dagger
rCold  . . .     Clarity  .     t - +3 leather armour
rNeg   . . .     SustAt   .     (shield restricted)
rPois  .         Gourm    .     (no helmet)
rElec  .         Spirit   .     v - +0 cloak
rCorr  .         Warding  .     (no gloves)
rMut   .         Stasis   .     r - +0 pair of boots
MR     .....                    (no amulet)
Stlth  ++........               H - ring of flight
                                d - ring of protection from fire

@: not resistant to hostile enchantments, unstealthy
A: carnivore 3
a: Renounce Religion, Evoke Flight


You were on level 4 of the Dungeon.
You worshipped Nemelex Xobeh.
Nemelex Xobeh was aware of your devotion.
You were completely stuffed.

You visited 1 branch of the dungeon, and saw 4 of its levels.

You collected 160 gold pieces.

Inventory:

Hand Weapons
 a - a +2 dagger (weapon)
 b - a +0 blowgun
 j - a +0 dagger of venom
 o - a +0 dagger
 x - a +0 short sword
 y - a +0 short sword
 z - a +0 short sword
 C - a +0 short sword
Missiles
 e - 15 poisoned needles
 f - 2 curare-tipped needles
 h - 63 stones
 p - a javelin of returning (quivered)
 E - 14 sling bullets
Armour
 c - a +0 robe
 r - a +0 pair of boots (worn)
 t - a +3 leather armour (worn)
 v - a +0 cloak (worn)
 A - a +1 cloak
Jewellery
 d - a ring of protection from fire (left hand)
 H - a ring of flight (right hand)
Wands
 B - a wand of magic darts (17)
 G - a wand of polymorph (11)
Scrolls
 k - 2 scrolls of blinking {unknown}
 l - 3 scrolls of teleportation
 m - 4 scrolls of remove curse {unknown}
 n - a scroll of recharging {unknown}
 q - a scroll of fog {unknown}
 D - a scroll of fear {unknown}
 F - 2 scrolls of identify
 K - a scroll of amnesia {unknown}
Potions
 i - a potion of ambrosia
 s - a potion of haste
 u - 2 potions of invisibility
 I - a potion of lignification {unknown}
 L - a potion of brilliance {unknown}
Miscellaneous
 w - a plain deck of destruction
 J - a plain deck of war {drawn: 1}
Comestibles
 g - 2 meat rations
 M - 4 chunks of flesh


   Skills:
 + Level 2.4 Fighting
 * Level 3.6 Short Blades
 * Level 3.8 Throwing
 + Level 0.5 Armour
 * Level 3.7 Dodging
 * Level 7.1 Stealth


You had 5 spell levels left.
You didn't know any spells.

Dungeon Overview and Level Annotations

Branches:
Dungeon (4/15)
 Temple: D:4-7

Altars:
Gozag
Nemelex Xobeh
The Shining One

Annotations:
D:3 endege's ghost, amateur TrFi


Innate Abilities, Weirdness & Mutations

You are small and have problems with some larger weapons.
You are carnivorous and can eat meat at any time.


Message History

The orc hits you with a falchion.
You barely miss the orc priest.
The orc priest is heavily wounded.
The orc priest barely misses you. The orc misses you.
You hit the orc priest but do no damage.
The orc priest is heavily wounded.
The orc priest closely misses you. The orc hits you with a falchion.
There is a stone staircase leading up here.
You draw a card...
It is Water.
The orc priest hits you but does no damage.
You enter the shallow water.
Moving in this stuff is going to be slow.
The orc priest invokes the aid of Beogh against you.
Something smites you!
* * * LOW HITPOINT WARNING * * *
The orc priest mumbles some strange prayers to Beogh against you.
Something smites you!
You die...
Your body disappears without a glow.

..#.. ....# # .... .##
..# ..# ..### #.# ....#
#.# ....# ##.#### ....#
#E@...# ....##
###o≈...## .....#
#.o≈≈.....# .....####
#((.......#
.......<#####..(......#
....###....)(.........#
....# #######.(.......#
##### ###.....### #
#.....#


You could see an orc priest, an orc and a friendly water elemental.

Vanquished Creatures
  An orc priest (D:3)
  2 orc wizards (D:3)
  A worker ant (D:3)
  7 adders
  A worm (D:2)
  2 giant geckos
  13 orcs
  6 bats (D:3)
  2 giant cockroaches
  7 goblins
  6 hobgoblins
  5 kobolds
  A quokka (D:3)
  4 giant newts
  11 jackals
  A quokka skeleton (D:4)
  5 rats
75 creatures vanquished.

Notes
Turn   | Place    | Note
--------------------------------------------------------------
     0 | D:1      | fredomojojo the Kobold Assassin began the quest for the Orb.
     0 | D:1      | Reached XP level 1. HP: 12/12 MP: 1/1
   237 | D:1      | Reached XP level 2. HP: 11/17 MP: 2/2
   721 | D:2      | Reached skill level 6 in Stealth
   721 | D:2      | Reached XP level 3. HP: 21/21 MP: 3/3
   952 | D:2      | Found an opulent altar of Gozag.
   953 | D:2      | Found a sparkling altar of Nemelex Xobeh.
   963 | D:2      | Became a worshipper of Nemelex Xobeh the Trickster
  1031 | D:3      | Reached XP level 4. HP: 26/26 MP: 4/4
  1087 | D:3      | Noticed endege's ghost (amateur TrFi)
  1113 | D:2      | Received a gift from Nemelex Xobeh
  1205 | D:3      | Found a glowing golden altar of the Shining One.
  1325 | D:3      | Reached XP level 5. HP: 10/30 MP: 5/5
  2090 | D:3      | Reached XP level 6. HP: 36/36 MP: 6/6
  2138 | D:3      | Reached skill level 7 in Stealth
  2186 | D:4      | Received a gift from Nemelex Xobeh
  2315 | D:4      | Reached * piety under Nemelex Xobeh
  2675 | D:4      | Killed from afar by an orc priest

Vault maps used:
D:1:      minmay_arrival_jagged
D:2:      grunt_temple_overflow_opulence
D:3:      nicolae_tso_carved_into_rock, lemuel_statue_altar

Action                   |  1- 3 |  4- 6 || total
-------------------------+-------+-------++-------
Melee: Dagger            |    46 |   138 ||   184
 Fire: Blowgun           |    17 |    60 ||    77
Evoke: Deck              |       |     1 ||     1
  Use: Scroll            |       |     4 ||     4
 Stab: Sleeping          |     5 |    10 ||    15
       Distracted        |       |     4 ||     4
  Eat: Chunk             |     5 |     3 ||     8
       Meat ration       |       |     1 ||     1
